HSSL
BROOKLINE HS WARRIORS @ TACOMA HS TORCHMEN
04/07/2027
 
TOP OF THE 1ST
Brookline HS Warriors batting - Pitching for Tacoma HS Torchmen : LHP Daniel Rose
Pitching: LHP Daniel Rose
Batting: LHB Alex Kelly 0-0: Called Strike
0-1: Swinging Strike
0-2: Strikes out swinging
Batting: RHB Ed Vega 0-0: Ball
1-0: Called Strike
1-1: Called Strike
1-2: Ball
2-2: Ball
3-2: SINGLE (Groundball, 6MD)
Batting: RHB Travis Kramer 0-0: Ball
1-0: Ball
2-0: Fielders Choice at 2nd, 3-6 (Groundball, 34)
Batting: LHB Bailey Mrazek 0-0: Ball
1-0: Ball
2-0: Called Strike
2-1: Ball
3-1: Foul Ball, location: 2F
3-2: Foul Ball, location: 2F
3-2: Foul Ball, location: 2F
3-2: Ground out 4-3 (Groundball, 4M)
Top of the 1st over - 0 run(s), 1 hit(s), 0 error(s), 1 left on base; Brookline HS 0 - Tacoma HS 0
BOTTOM OF THE 1ST
Tacoma HS Torchmen batting - Pitching for Brookline HS Warriors : RHP Will Madden
Pitching: RHP Will Madden
Batting: RHB Kel Turner 0-0: Fly out, F8 (Line Drive, 8LM)
Batting: RHB Dave MacGruder 0-0: Ball
1-0: Swinging Strike
1-1: Foul Ball, location: 2F
1-2: Fly out, F8 (Flyball, 8LM)
Batting: RHB Bryant Caldwell 0-0: Foul Ball, location: 2F
0-1: Ball
1-1: Foul Ball, location: 2F
1-2: Ball
2-2: Foul Ball, location: 2F
2-2: Fly out, F7 (Flyball, 7S)
Bottom of the 1st over - 0 run(s), 0 hit(s), 0 error(s), 0 left on base; Brookline HS 0 - Tacoma HS 0
TOP OF THE 2ND
Brookline HS Warriors batting - Pitching for Tacoma HS Torchmen : LHP Daniel Rose
Batting: RHB Patrick Chávez 0-0: Ball
1-0: Ball
2-0: Ball
3-0: Called Strike
3-1: Base on Balls
Batting: SHB Luis Rodríguez 0-0: Ball
1-0: SINGLE (Line Drive, 6M)
Patrick Chávez to second
Batting: LHB Jonathan Martin 0-0: Foul Ball, location: 2F
0-1: Fielders Choice at 2nd, 4-6 (Groundball, 4M)
Patrick Chávez to third
Batting: RHB Ben Bond 0-0: Called Strike
0-1: Called Strike
0-2: Ball
1-2: Strikes out looking
Batting: RHB Tim Smith 0-0: SINGLE (Groundball, 6MS) (infield hit)
Patrick Chávez scores
Jonathan Martin to second
Batting: LHB Alex Kelly 0-0: Ball
1-0: Called Strike
1-1: Swinging Strike
1-2: DOUBLE (Groundball, 3L)
Jonathan Martin scores
Tim Smith to third
Runner from 3rd tries for Home, throw and OUT!
Top of the 2nd over - 2 run(s), 3 hit(s), 0 error(s), 1 left on base; Brookline HS 2 - Tacoma HS 0
BOTTOM OF THE 2ND
Tacoma HS Torchmen batting - Pitching for Brookline HS Warriors : RHP Will Madden
Batting: RHB Millard Ferguson 0-0: Called Strike
0-1: Ball
1-1: Fly out, F8 (Flyball, 8LM)
Batting: RHB Ray Bray 0-0: Called Strike
0-1: Ball
1-1: Foul Ball, location: 2F
1-2: Ball
2-2: Strikes out swinging
Batting: RHB Edison Jones 0-0: Ball
1-0: Called Strike
1-1: Ground out 6-3 (Groundball, 6)
Bottom of the 2nd over - 0 run(s), 0 hit(s), 0 error(s), 0 left on base; Brookline HS 2 - Tacoma HS 0
TOP OF THE 3RD
Brookline HS Warriors batting - Pitching for Tacoma HS Torchmen : LHP Daniel Rose
Batting: RHB Ed Vega 0-0: Called Strike
0-1: Called Strike
0-2: Strikes out swinging
Batting: RHB Travis Kramer 0-0: Called Strike
0-1: Ball
1-1: Swinging Strike
1-2: Foul Ball, location: 2F
1-2: Strikes out swinging
Batting: LHB Bailey Mrazek 0-0: Ball
1-0: Ball
2-0: Foul Ball, location: 2F
2-1: Fly out, F8 (Flyball, 89S)
Top of the 3rd over - 0 run(s), 0 hit(s), 0 error(s), 0 left on base; Brookline HS 2 - Tacoma HS 0
BOTTOM OF THE 3RD
Tacoma HS Torchmen batting - Pitching for Brookline HS Warriors : RHP Will Madden
Batting: RHB Bill Cross 0-0: Ball
1-0: Ball
2-0: Ball
3-0: Called Strike
3-1: Foul Ball, location: 2F
3-2: Foul Ball, location: 2F
3-2: Fly out, F8 (Flyball, 8LM)
Batting: LHB Terry Ives 0-0: Ball
1-0: Ball
2-0: Foul Ball, location: 2F
2-1: SINGLE (Line Drive, 9LS)
Batting: RHB Dexter Wooten 0-0: Ball
1-0: Ball
2-0: Grounds into double play, 6-4-3 (Groundball, 6)
Bottom of the 3rd over - 0 run(s), 1 hit(s), 0 error(s), 0 left on base; Brookline HS 2 - Tacoma HS 0
TOP OF THE 4TH
Brookline HS Warriors batting - Pitching for Tacoma HS Torchmen : LHP Daniel Rose
Batting: RHB Patrick Chávez 0-0: Ball
1-0: Foul Ball, location: 2F
1-1: Ball
2-1: DOUBLE (Line Drive, 89M)
Batting: SHB Luis Rodríguez 0-0: Called Strike
0-1: Ball
1-1: Foul Ball, location: 2F
1-2: SINGLE (Line Drive, 9S)
Patrick Chávez to third
Runner from 3rd tries for Home, SAFE, no throw
Batting: LHB Jonathan Martin 0-0: Swinging Strike
0-1: Ball
1-1: Called Strike
1-2: Reached on error, E6 (Groundball, 6)
Luis Rodríguez to second
Batting: RHB Ben Bond 0-0: SINGLE (Line Drive, 7LS)
Luis Rodríguez to third
Jonathan Martin to second
Runner from 3rd tries for Home, throw and OUT!
Jonathan Martin to third
Ben Bond to second
Batting: RHB Tim Smith 0-0: Foul Ball, location: 2F
0-1: Swinging Strike
0-2: Foul Ball, location: 2F
0-2: Ball
1-2: Strikes out looking
Batting: LHB Alex Kelly 0-0: Called Strike
0-1: Swinging Strike
0-2: Ball
1-2: Foul Ball, location: 2F
1-2: Foul Ball, location: 2F
1-2: Ball
2-2: Strikes out swinging
Top of the 4th over - 1 run(s), 3 hit(s), 1 error(s), 2 left on base; Brookline HS 3 - Tacoma HS 0
BOTTOM OF THE 4TH
Tacoma HS Torchmen batting - Pitching for Brookline HS Warriors : RHP Will Madden
Batting: RHB Kel Turner 0-0: Ball
1-0: Foul Ball, location: 2F
1-1: Called Strike
1-2: Strikes out looking
Batting: RHB Dave MacGruder 0-0: Foul Ball, location: 2F
0-1: Ball
1-1: Ball
2-1: Called Strike
2-2: Foul Ball, location: 2F
2-2: Foul Ball, location: 2F
2-2: Foul Ball, location: 2F
2-2: Ball
3-2: Strikes out looking
Batting: RHB Bryant Caldwell 0-0: Reached on error, E5 (Groundball, 56)
Batting: RHB Millard Ferguson 0-0: Ball
1-0: Called Strike
1-1: Fly out, F9 (Flyball, 9LS)
Bottom of the 4th over - 0 run(s), 0 hit(s), 1 error(s), 1 left on base; Brookline HS 3 - Tacoma HS 0
TOP OF THE 5TH
Brookline HS Warriors batting - Pitching for Tacoma HS Torchmen : LHP Daniel Rose
Batting: RHB Ed Vega 0-0: Called Strike
0-1: Foul Ball, location: 2F
0-2: Ball
1-2: Foul Ball, location: 2F
1-2: Ball
2-2: Ball
3-2: Ground out 6-3 (Groundball, 6)
Pitching: RHP Greg Robison
Batting: RHB Travis Kramer 0-0: Called Strike
0-1: Ball
1-1: Swinging Strike
1-2: Foul Ball, location: 2F
1-2: Strikes out swinging
Batting: LHB Bailey Mrazek 0-0: Ball
1-0: Ball
2-0: Foul Ball, location: 2F
2-1: Foul Ball, location: 2F
2-2: Ground out 3-1 (Groundball, 34S)
Top of the 5th over - 0 run(s), 0 hit(s), 0 error(s), 0 left on base; Brookline HS 3 - Tacoma HS 0
BOTTOM OF THE 5TH
Tacoma HS Torchmen batting - Pitching for Brookline HS Warriors : RHP Will Madden
Batting: RHB Ray Bray 0-0: Called Strike
0-1: Ball
1-1: Swinging Strike
1-2: Ball
2-2: Ball
3-2: Strikes out swinging
Batting: RHB Edison Jones 0-0: Ball
1-0: Swinging Strike
1-1: Ball
2-1: Called Strike
2-2: Ball
3-2: Foul Ball, location: 2F
3-2: Base on Balls
Batting: RHB Bill Cross 0-0: Ball
1-0: Fly out, F4 (Line Drive, 4)
Batting: LHB Terry Ives 0-0: Ball
1-0: Ball
2-0: SINGLE (Line Drive, 8RS)
Edison Jones to second
Batting: RHB Dexter Wooten 0-0: Ball
1-0: Ball
2-0: Ball
3-0: Called Strike
3-1: Foul Ball, location: 2F
3-2: Reached on error, E9 (Line Drive, 9)
Edison Jones scores
Terry Ives to third
Batting: RHB Kel Turner 0-0: Called Strike
0-1: Ball
1-1: Foul Ball, location: 2F
1-2: Ball
2-2: Strikes out swinging
Bottom of the 5th over - 1 run(s), 1 hit(s), 1 error(s), 2 left on base; Brookline HS 3 - Tacoma HS 1
TOP OF THE 6TH
Brookline HS Warriors batting - Pitching for Tacoma HS Torchmen : RHP Greg Robison
Batting: RHB Patrick Chávez 0-0: SINGLE (Groundball, 56S) (infield hit)
Batting: SHB Luis Rodríguez 0-0: Called Strike
0-1: Ball
1-1: Ball
2-1: Foul Ball, location: 2F
2-2: Foul Ball, location: 2F
2-2: Foul Ball, location: 2F
2-2: Ball
3-2: Foul Ball, location: 2F
3-2: Strikes out looking
Batting: LHB Jonathan Martin 0-0: Ball
Patrick Chávez steals 2nd base
1-0: Swinging Strike
1-1: Ball
2-1: Foul Ball, location: 2F
2-2: Foul Ball, location: 2F
2-2: Foul Ball, location: 2F
2-2: DOUBLE (Line Drive, 78D)
Patrick Chávez scores
Batting: RHB Ben Bond 0-0: Ball
1-0: Foul Ball, location: 2F
1-1: Swinging Strike
1-2: Ball
2-2: Strikes out swinging
Batting: RHB Tim Smith 0-0: SINGLE (Line Drive, 89M)
Jonathan Martin to third
Runner from 3rd tries for Home, throw and OUT!
Top of the 6th over - 1 run(s), 3 hit(s), 0 error(s), 1 left on base; Brookline HS 4 - Tacoma HS 1
BOTTOM OF THE 6TH
Tacoma HS Torchmen batting - Pitching for Brookline HS Warriors : RHP Will Madden
Pitching: RHP Ryan Lee
Batting: RHB Dave MacGruder 0-0: SINGLE (Line Drive, 6MD)
Batting: RHB Bryant Caldwell 0-0: Ball
1-0: Swinging Strike
1-1: Ball
2-1: Ball
3-1: Base on Balls
Dave MacGruder to second
Batting: RHB Millard Ferguson 0-0: Ball
1-0: Ground out 5-3 (Groundball, 56S)
Dave MacGruder to third
Bryant Caldwell to second
Batting: RHB Ray Bray 0-0: Called Strike
0-1: Ball
1-1: Fly out, F8 (Flyball, 8RM)
Runner from 3rd tags up, SCORES, no throw
Batting: RHB Edison Jones 0-0: Ball
1-0: Swinging Strike
1-1: SINGLE (Line Drive, 6D)
Bryant Caldwell to third
Runner from 3rd tries for Home, SAFE, no throw
Pitching: RHP Chris Harris
Batting: RHB Bill Cross 0-0: Fly out, F9 (Flyball, 9S)
Bottom of the 6th over - 2 run(s), 2 hit(s), 0 error(s), 1 left on base; Brookline HS 4 - Tacoma HS 3
TOP OF THE 7TH
Brookline HS Warriors batting - Pitching for Tacoma HS Torchmen : RHP Greg Robison
Batting: LHB Alex Kelly 0-0: Called Strike
0-1: Ball
1-1: Ball
2-1: Ball
3-1: Base on Balls
Batting: RHB Ed Vega 0-0: Called Strike
0-1: Ball
1-1: DOUBLE (Flyball, 78M)
Alex Kelly to third
Batting: RHB Travis Kramer 0-0: Intentional Walk
Pinch Hitting: LHB Lou Robinson 0-0: Ball
1-0: Grounds into fielders choice 4-2 (Groundball, 4)
Ed Vega to third
Travis Kramer to second
Batting: RHB Patrick Chávez 0-0: Swinging Strike
0-1: Ball
1-1: Ball
2-1: Ball
3-1: Grounds into fielders choice 4-2 (Groundball, 4S)
Travis Kramer to third
Lou Robinson to second
Pinch Hitting: RHB Tom McBride 0-0: Called Strike
0-1: Ball
1-1: Swinging Strike
1-2: Foul Ball, location: 2F
1-2: Foul Ball, location: 2F
1-2: Foul Ball, location: 2F
1-2: Ball
2-2: Ball
3-2: Foul Ball, location: 2F
3-2: Strikes out looking
Top of the 7th over - 0 run(s), 1 hit(s), 0 error(s), 3 left on base; Brookline HS 4 - Tacoma HS 3
BOTTOM OF THE 7TH
Tacoma HS Torchmen batting - Pitching for Brookline HS Warriors : RHP Chris Harris
Now at 2B: Paco Cabrera
Now at 3B: Tom McBride
Batting: LHB Terry Ives 0-0: Called Strike
0-1: Ball
1-1: Called Strike
1-2: Ball
2-2: Ball
3-2: Base on Balls
Batting: RHB Dexter Wooten 0-0: Called Strike
0-1: Fly out, F7 (Flyball, 7S)
Batting: RHB Kel Turner 0-0: Foul Ball, location: 2F
0-1: Ball
1-1: Ball
2-1: Foul Ball, location: 2F
2-2: Strikes out looking
Batting: RHB Dave MacGruder 0-0: Foul Ball, location: 2F
0-1: Foul Ball, location: 2F
0-2: SINGLE (Groundball, 6MD)
Terry Ives to second
Batting: RHB Bryant Caldwell 0-0: Ball
1-0: Called Strike
1-1: Ball
2-1: Foul Ball, location: 2F
2-2: Ball
3-2: Ground out 1-3 (Groundball, P)
Bottom of the 7th over - 0 run(s), 1 hit(s), 0 error(s), 2 left on base; Brookline HS 4 - Tacoma HS 3
TOP OF THE 8TH
Brookline HS Warriors batting - Pitching for Tacoma HS Torchmen : RHP Greg Robison
Pitching: RHP Mike Fitzpatrick
Batting: LHB Jonathan Martin 0-0: Called Strike
0-1: Foul Ball, location: 2F
0-2: Ground out 4-3 (Groundball, 4)
Batting: RHB Ben Bond 0-0: SINGLE (Groundball, 34D)
Batting: RHB Tim Smith 0-0: Called Strike
Ben Bond steals 2nd base
0-1: Swinging Strike
0-2: Ball
1-2: Strikes out looking
Batting: LHB Alex Kelly 0-0: Ground out 6-3 (Groundball, 6)
Top of the 8th over - 0 run(s), 1 hit(s), 0 error(s), 1 left on base; Brookline HS 4 - Tacoma HS 3
BOTTOM OF THE 8TH
Tacoma HS Torchmen batting - Pitching for Brookline HS Warriors : RHP Chris Harris
Batting: RHB Millard Ferguson 0-0: Ball
1-0: Foul Ball, location: 2F
1-1: Foul Ball, location: 2F
1-2: Ball
2-2: SINGLE (Flyball, 9LS)
Batting: RHB Ray Bray 0-0: Foul Ball, location: 2F
0-1: Ball
1-1: SINGLE (Groundball, 4MD)
Millard Ferguson to second
Batting: RHB Edison Jones 0-0: Bunted foul
0-1: Bunted foul
0-2: SINGLE (Line Drive, 56D)
Millard Ferguson to third
Ray Bray to second
Batting: RHB Bill Cross 0-0: Hit by Pitch
Millard Ferguson scores
Ray Bray to third
Edison Jones to second
Batting: LHB Terry Ives 0-0: Ball
1-0: Called Strike
1-1: Fly out, F9 (Flyball, 9LMF)
Runner from 3rd tags up, SCORES, no throw
Pitching: RHP Danny McCabe
Batting: RHB Dexter Wooten 0-0: Ball
1-0: Called Strike
1-1: Ball
2-1: Foul Ball, location: 2F
2-2: Ball
3-2: Fly out, F7 (Flyball, 78M)
Batting: RHB Kel Turner 0-0: Ball
1-0: Fly out, F8 (Flyball, 8LM)
Bottom of the 8th over - 2 run(s), 3 hit(s), 0 error(s), 2 left on base; Brookline HS 4 - Tacoma HS 5
TOP OF THE 9TH
Brookline HS Warriors batting - Pitching for Tacoma HS Torchmen : RHP Mike Fitzpatrick
Pitching: RHP Steve Woods
Now at C: Larry Estes
Batting: RHB Ed Vega 0-0: Ball
1-0: Swinging Strike
1-1: Swinging Strike
1-2: Ball
2-2: Strikes out swinging
Batting: RHB Travis Kramer 0-0: Ball
1-0: Called Strike
1-1: Called Strike
1-2: SINGLE (Line Drive, 56D)
Batting: RHB Paco Cabrera 0-0: Ball
1-0: Ball
2-0: Grounds into double play, 4-6-3 (Groundball, 4)
Top of the 9th over - 0 run(s), 1 hit(s), 0 error(s), 0 left on base; Brookline HS 4 - Tacoma HS 5
Thursday, March 30th, 2017 - OOTP Baseball 17.12 Build 75